Stars vs Senators

Created - 23 janvier 2018 at 22:17

Goals
1 2 3 T
Stars 2 1 0 3
Senators 0 0 2 2
Shots
1 2 3 T
Stars 7 8 9 24
Senators 6 11 10 27

1st period

1. Stars , Zdeno Chara 3 (Tommy Wingels 7, Paul Stastny 22) at 14:35
2. Stars , Devin Shore 7 (Victor Hedman 22, Jonny Brodzinski 3) at 15:34

Penalties :
Jonathan Huberdeau (DAL) for Roughing (Minor) at 3:43

2nd period

3. Stars , Paul Stastny 9 (Duncan Keith 19, Victor Hedman 23) at 10:59

Penalties :
Zbynek Michalek (OTT) for Slashing (Minor) at 1:59, Zbynek Michalek (OTT) for Charging (Minor) at 10:47, Sidney Crosby (DAL) for Cross-checking (Minor) at 10:47, Kevin Bieksa (OTT) for Fighting (Major) at 14:39, Zdeno Chara (DAL) for Fighting (Major) at 14:39, Zdeno Chara (DAL) for instigated a fight (Game Misconduct) at 14:39

3rd period

4. Senators , Brayden Schenn 15 (Tyler Seguin 22, Michael Stone 20) at 11:24
5. Senators , Mark Stone 18 (Tyler Seguin 23, Michael Stone 21) at 16:48 (PP)

Penalties :
Kevin Bieksa (OTT) for Roughing (Minor) at 0:13, Paul Stastny (DAL) for Cross-checking (Minor) at 15:50, Michael Stone (OTT) for Hooking (Minor) at 17:17

Goalie Stats

Jonathan Quick (DAL), 25 saves from 27 shots - (0.926), W, 19-12-9, 60:00 minutes
Tuukka Rask (OTT), 21 saves from 24 shots - (0.875), L, 29-14-4, 60:00 minutes

Players Stats for Stars

Player Name              G  A  P  +/- PIM S  H  SB GA TA FO     MP     PP MP  PK MP  
------------------------------------------------------------------------------------
Devin Shore              1  0  1   0  0   2  0  0  0  0  7/13   16:05   0:00   2:08 
Duncan Keith             0  1  1   1  0   2  0  2  0  0  0/0    24:58   3:17   3:01 
Jakub Voracek            0  0  0   1  0   4  2  0  0  0  1/2    19:15   3:04   0:00 
Jason Demers             0  0  0   0  0   0  1  1  0  0  0/0    14:54   0:00   0:00 
Joel Vermin              0  0  0   0  0   0  0  0  0  0  0/0     5:19   0:00   0:00 
John Klingberg           0  0  0   0  0   1  0  1  0  0  0/0    22:55   2:44   2:13 
John Mitchell            0  0  0   0  0   0  2  0  0  0  1/2    13:35   0:00   0:00 
Jonathan Huberdeau       0  0  0   0  2   3  1  0  0  0  1/2    19:06   3:04   0:19 
Jonny Brodzinski         0  1  1   0  0   0  0  0  0  0  1/1    13:35   0:00   0:00 
Michael Bournival        0  0  0   0  0   0  0  0  0  0  0/1     5:51   0:00   0:50 
Nikita Nesterov          0  0  0  -1  0   0  1  1  0  0  0/0    16:34   1:51   0:33 
Paul Byron               0  0  0   1  0   2  1  0  0  0  2/3    18:12   2:53   2:03 
Paul Stastny             1  1  2   2  2   5  0  0  0  0  25/32  19:37   2:53   1:24 
Sidney Crosby            0  0  0   0  2   0  2  0  0  0  9/21   22:52   3:04   0:00 
Tommy Wingels            0  1  1   1  0   2  3  0  0  0  1/1    17:14   2:53   1:05 
Tyler Gaudet             0  0  0   0  0   0  0  0  0  0  0/0     3:05   0:00   2:03 
Victor Hedman            0  2  2   2  0   1  1  1  0  0  0/0    25:53   3:13   2:53 
Zdeno Chara              1  0  1   2  17  2  0  0  0  0  0/0    14:01   0:49   1:12 

Players Stats for Senators

Player Name              G  A  P  +/- PIM S  H  SB GA TA FO     MP     PP MP  PK MP  
------------------------------------------------------------------------------------
Anton Lander             0  0  0  -1  0   0  0  0  0  0  6/11   10:05   0:00   2:16 
Bobby Ryan               0  0  0   0  0   1  1  0  0  0  0/0    15:49   2:39   0:00 
Brayden Schenn           1  0  1  -1  0   2  3  0  0  0  1/3    18:59   2:26   1:14 
Derick Brassard          0  0  0   0  0   1  1  0  0  0  8/21   18:47   2:30   0:00 
Devin Setoguchi          0  0  0  -1  0   0  0  0  0  0  0/0     7:10   0:00   0:00 
Drew Miller              0  0  0   0  0   1  2  0  0  0  0/1    13:47   0:00   3:26 
Jason Garrison           0  0  0   1  0   2  0  0  0  0  0/0    20:50   3:13   2:47 
Jussi Jokinen            0  0  0   0  0   4  0  0  0  0  0/0    11:47   0:09   1:17 
Kevin Bieksa             0  0  0  -2  7   0  3  1  0  0  0/0    20:19   1:15   1:45 
Lauri Korpikoski         0  0  0  -1  0   0  0  0  0  0  0/0     7:10   0:00   0:00 
Mark Stone               1  0  1   0  0   3  2  0  0  0  0/1    18:44   2:17   0:00 
Markus Granlund          0  0  0   0  0   2  0  0  0  0  8/23   14:02   0:00   3:41 
Michael Stone            0  2  2   0  2   1  1  3  0  0  0/0    22:54   2:17   1:58 
Mike Hoffman             0  0  0   0  0   2  1  0  0  0  0/0    18:47   2:30   0:00 
Rob OGara                0  0  0  -1  0   1  1  0  0  0  0/0    19:07   1:01   3:08 
Robbie Russo             0  0  0  -1  0   1  3  0  0  0  0/0    17:41   0:00   2:02 
Tyler Seguin             0  2  2  -1  0   5  1  0  0  0  7/18   17:36   2:17   0:00 
Zbynek Michalek          0  0  0  -1  4   1  2  1  0  0  0/0    18:25   2:06   0:14 

3 Stars

1 - Victor Hedman (DAL)
2 - Paul Stastny (DAL)
3 - Tommy Wingels (DAL)

Power Play

Stars - 0 on 3 Attempt(s) - 0.00%
Senators - 1 on 3 Attempt(s) - 33.33%

Penalty Kill

Stars - 2 on 3 Attempt(s) - 66.67% - Score 0 goal in Penalty Kill
Senators - 3 on 3 Attempt(s) - 100.00% - Score 0 goal in Penalty Kill

Team Stat

Stars - Hits : 14 - Faceoff Wins : 48 - Blocked Shots : 6 - Penalty Minutes : 23
Senators - Hits : 21 - Faceoff Wins : 30 - Blocked Shots : 5 - Penalty Minutes : 13

Official

Referees : Eric Furlatt and Mike Leggo
Linesman : David Brisebois and Mark Shewchyk

Game Notes

Zdeno Chara beats up Kevin Bieksa at 14:39 of 2nd period
Zdeno Chara ejected from game at 14:39 of 2nd period

Finance

Level 1 -- Attendance: 6200 (95.38%) -- Ticket Income 620 000 $
Level 2 -- Attendance: 4661 (93.22%) -- Ticket Income 279 660 $
Level 3 -- Attendance: 3500 (100.00%) -- Ticket Income 122 500 $
Level 4 -- Attendance: 2769 (87.82%) -- Ticket Income 83 070 $
Luxury Box -- Attendance: 664 (66.40%) -- Ticket Income 166 000 $
Game was played at the Canadian Tire Centre.
Total Attendance: 17794 (92.90%)
Total Ticket Income: 1 271 230 $
Other Income: 190 684 $
Total Income: 1 461 914 $

% Time on Ice - Stars

Lines # - Real PCT - Wanted PCT - Time Play
Normal Forward
1 - 32% - 40% - 14:58
2 - 28% - 30% - 12:51
3 - 29% - 20% - 13:35
4 - 11% - 10% - 5:01
Normal Defense
1 - 39% - 40% - 18:16
2 - 32% - 30% - 14:44
3 - 25% - 20% - 11:28
4 - 4% - 10% - 1:57
PP Forward
1 - 52% - 60% - 3:04
2 - 48% - 40% - 2:53
PP Defense
1 - 54% - 60% - 3:13
2 - 46% - 40% - 2:44
PK Forward
1 - 78% - 60% - 3:51
2 - 22% - 40% - 1:05
PK Defense
1 - 75% - 60% - 3:42
2 - 25% - 40% - 1:14
PK3 Forward
1 - 0% - 60%
2 - 0% - 40%
PK3 Defense
1 - 0% - 60%
2 - 0% - 40%
44 Forward
1 - 100% - 60% - 1:59
2 - 0% - 40% - 0:00
44 Defense
1 - 47% - 60% - 0:56
2 - 53% - 40% - 1:03
Last Minute Offensive  - 0:00
Last Minute Defensive  - 0:43
Total
Forward - 60:00
Defense - 60:00

% Time on Ice - Senators

Lines # - Real PCT - Wanted PCT - Time Play
Normal Forward
1 - 34% - 40% - 15:44
2 - 28% - 30% - 13:10
3 - 22% - 20% - 10:21
4 - 15% - 10% - 7:10
Normal Defense
1 - 31% - 40% - 14:24
2 - 31% - 30% - 14:19
3 - 28% - 20% - 13:10
4 - 10% - 10% - 4:32
PP Forward
1 - 46% - 60% - 2:17
2 - 54% - 40% - 2:39
PP Defense
1 - 35% - 60% - 1:43
2 - 65% - 40% - 3:13
PK Forward
1 - 78% - 60% - 4:40
2 - 22% - 40% - 1:17
PK Defense
1 - 50% - 60% - 3:00
2 - 50% - 40% - 2:57
PK3 Forward
1 - 0% - 60%
2 - 0% - 40%
PK3 Defense
1 - 0% - 60%
2 - 0% - 40%
44 Forward
1 - 72% - 60% - 1:26
2 - 28% - 40% - 0:33
44 Defense
1 - 100% - 60% - 1:59
2 - 0% - 40% - 0:00
Last Minute Offensive  - 0:43
Last Minute Defensive  - 0:00
Total
Forward - 60:00
Defense - 60:00

Play by Play

1st period


0:01 of 1st period - Derick Brassard wins face-off versus Sidney Crosby in neutral zone.
0:05 of 1st period - Off-side.
0:06 of 1st period - Paul Stastny wins face-off versus Tyler Seguin in neutral zone.
0:43 of 1st period - Shot by Bobby Ryan.
0:43 of 1st period - Shot Misses the Net.
1:08 of 1st period - Shot by Jonathan Huberdeau.
1:08 of 1st period - Stopped by Tuukka Rask without a rebound.
1:09 of 1st period - Devin Shore wins face-off versus Mark Stone in Senators zone.
1:44 of 1st period - Shot by Mark Stone.
1:44 of 1st period - Stopped by Jonathan Quick with a rebound.
1:57 of 1st period - Icing by Devin Shore.
1:58 of 1st period - Jonny Brodzinski wins face-off versus Markus Granlund in Stars zone.
2:17 of 1st period - Shot by Markus Granlund.
2:17 of 1st period - Deflect By Jussi Jokinen.
2:17 of 1st period - Stopped by Jonathan Quick without a rebound.
2:18 of 1st period - Anton Lander wins face-off versus Sidney Crosby in Stars zone.
2:55 of 1st period - Off-side.
2:56 of 1st period - Paul Stastny wins face-off versus Derick Brassard in neutral zone.
2:59 of 1st period - Derick Brassard is hit by Paul Byron and loses puck.
3:43 of 1st period - Minor Penalty to Jonathan Huberdeau for Roughing.
3:44 of 1st period - Paul Stastny wins face-off versus Tyler Seguin in Stars zone.
4:00 of 1st period - Paul Stastny is hit by Brayden Schenn.
4:12 of 1st period - Devin Shore is hit by Brayden Schenn.
5:18 of 1st period - Off-side.
5:19 of 1st period - Derick Brassard wins face-off versus Paul Stastny in neutral zone.
6:02 of 1st period - Shot by Jussi Jokinen.
6:02 of 1st period - Stopped by Jonathan Quick without a rebound.
6:03 of 1st period - Anton Lander wins face-off versus Michael Bournival in Stars zone.
6:10 of 1st period - Shot by Devin Setoguchi.
6:10 of 1st period - Shot Misses the Net.
6:59 of 1st period - Shot by Markus Granlund.
6:59 of 1st period - Stopped by Jonathan Quick with a rebound.
7:01 of 1st period - Shot by Markus Granlund.
7:01 of 1st period - Stopped by Jonathan Quick without a rebound.
7:02 of 1st period - Tyler Seguin wins face-off versus John Mitchell in Stars zone.
7:02 of 1st period - Michael Stone is hit by Nikita Nesterov and loses puck.
7:38 of 1st period - Brayden Schenn is hit by John Mitchell.
8:31 of 1st period - Sidney Crosby is hit by Robbie Russo and loses puck.
8:59 of 1st period - Icing by Kevin Bieksa.
9:00 of 1st period - Paul Stastny wins face-off versus Markus Granlund in Senators zone.
9:07 of 1st period - Shot by Tommy Wingels.
9:07 of 1st period - Deflect By Paul Stastny.
9:07 of 1st period - Stopped by Tuukka Rask without a rebound.
9:08 of 1st period - Paul Stastny wins face-off versus Anton Lander in Senators zone.
9:33 of 1st period - Shot by Tommy Wingels.
9:33 of 1st period - Deflect By Paul Stastny.
9:33 of 1st period - Stopped by Tuukka Rask without a rebound.
9:34 of 1st period - Tyler Seguin wins face-off versus Devin Shore in Senators zone.
9:45 of 1st period - Shot by Brayden Schenn.
9:45 of 1st period - Shot Misses the Net.
10:21 of 1st period - Mike Hoffman is hit by John Mitchell and loses puck.
10:36 of 1st period - Shot by Jakub Voracek.
10:36 of 1st period - Stopped by Tuukka Rask with a rebound.
11:16 of 1st period - Icing by Michael Stone.
11:17 of 1st period - Derick Brassard wins face-off versus Paul Stastny in Senators zone.
11:31 of 1st period - Icing by Duncan Keith.
11:32 of 1st period - Paul Stastny wins face-off versus Tyler Seguin in Stars zone.
11:34 of 1st period - Duncan Keith is hit by Brayden Schenn and loses puck.
12:54 of 1st period - Icing by Robbie Russo.
12:55 of 1st period - John Mitchell wins face-off versus Markus Granlund in Senators zone.
14:03 of 1st period - Shot by Jonathan Huberdeau.
14:03 of 1st period - Stopped by Tuukka Rask without a rebound.
14:04 of 1st period - Paul Byron wins face-off versus Tyler Seguin in Senators zone.
14:33 of 1st period - Shot by Tommy Wingels.
14:33 of 1st period - Shot Misses the Net.
14:35 of 1st period - Shot by Zdeno Chara.
14:35 of 1st period - Goal by Zdeno Chara - Stars : 1 - Senators : 0.
14:36 of 1st period - Anton Lander wins face-off versus Sidney Crosby in neutral zone.
14:51 of 1st period - Lauri Korpikoski is hit by Sidney Crosby and loses puck.
15:34 of 1st period - Shot by Devin Shore.
15:34 of 1st period - Goal by Devin Shore - Stars : 2 - Senators : 0.
15:35 of 1st period - Paul Stastny wins face-off versus Derick Brassard in neutral zone.
15:37 of 1st period - Tommy Wingels is hit by Kevin Bieksa and loses puck.
16:01 of 1st period - Icing by Paul Byron.
16:02 of 1st period - Paul Stastny wins face-off versus Tyler Seguin in Stars zone.
16:06 of 1st period - Off-side.
16:07 of 1st period - Tyler Seguin wins face-off versus Devin Shore in neutral zone.
16:14 of 1st period - Victor Hedman is hit by Bobby Ryan and loses puck.
16:39 of 1st period - Shot by Bobby Ryan.
16:39 of 1st period - Shot Misses the Net.
17:44 of 1st period - Icing by Jonathan Huberdeau.
17:45 of 1st period - Jakub Voracek wins face-off versus Markus Granlund in Stars zone.
17:45 of 1st period - Jakub Voracek is hit by Drew Miller.
17:53 of 1st period - Robbie Russo is hit by Jakub Voracek and loses puck.
18:31 of 1st period - Off-side.
18:32 of 1st period - Derick Brassard wins face-off versus Devin Shore in neutral zone.
18:37 of 1st period - Zdeno Chara is hit by Derick Brassard and loses puck.
18:58 of 1st period - Devin Shore is hit by Mark Stone and loses puck.
19:33 of 1st period - Shot by Anton Lander.
19:33 of 1st period - Deflect By Lauri Korpikoski.
19:33 of 1st period - Shot Misses the Net.
19:35 of 1st period - Shot by Lauri Korpikoski.
19:35 of 1st period - Shot Misses the Net.
19:37 of 1st period - Shot by Michael Stone.
19:37 of 1st period - Stopped by Jonathan Quick without a rebound.
19:38 of 1st period - Markus Granlund wins face-off versus Paul Stastny in Stars zone.
19:41 of 1st period - Shot by Jussi Jokinen.
19:41 of 1st period - Shot Blocked by Nikita Nesterov.
19:54 of 1st period - Robbie Russo is hit by Tommy Wingels and loses puck.
Goals for this period are 2 for Stars vs 0 for Senators.
Shots for this period are 7 for Stars vs 6 for Senators.

2nd period


0:01 of 2nd period - Derick Brassard wins face-off versus Sidney Crosby in neutral zone.
0:03 of 2nd period - Rob OGara is hit by Victor Hedman and loses puck.
0:09 of 2nd period - Off-side.
0:10 of 2nd period - Paul Stastny wins face-off versus Brayden Schenn in neutral zone.
0:24 of 2nd period - Shot by Tyler Seguin.
0:24 of 2nd period - Shot Misses the Net.
0:42 of 2nd period - Shot by Paul Stastny.
0:42 of 2nd period - Stopped by Tuukka Rask without a rebound.
0:43 of 2nd period - Derick Brassard wins face-off versus Jonathan Huberdeau in Senators zone.
1:00 of 2nd period - Sidney Crosby is hit by Zbynek Michalek and loses puck.
1:12 of 2nd period - Jakub Voracek is hit by Robbie Russo.
1:17 of 2nd period - Sidney Crosby is hit by Zbynek Michalek and loses puck.
1:59 of 2nd period - Minor Penalty to Zbynek Michalek for Slashing.
2:00 of 2nd period - Paul Stastny wins face-off versus Drew Miller in Senators zone.
2:11 of 2nd period - Duncan Keith is hit by Drew Miller and loses puck.
2:18 of 2nd period - Shot by Drew Miller.
2:18 of 2nd period - Shot Misses the Net.
2:20 of 2nd period - Shot by Rob OGara.
2:20 of 2nd period - Shot Misses the Net.
2:22 of 2nd period - Shot by Rob OGara.
2:22 of 2nd period - Shot Blocked by Victor Hedman.
2:24 of 2nd period - Shot by Kevin Bieksa.
2:24 of 2nd period - Shot Blocked by Duncan Keith.
2:26 of 2nd period - Shot by Markus Granlund.
2:26 of 2nd period - Shot Misses the Net.
2:28 of 2nd period - Shot by Rob OGara.
2:28 of 2nd period - Stopped by Jonathan Quick without a rebound.
2:29 of 2nd period - Markus Granlund wins face-off versus Sidney Crosby in Stars zone.
2:35 of 2nd period - Icing by John Klingberg.
2:36 of 2nd period - Sidney Crosby wins face-off versus Markus Granlund in Stars zone.
3:13 of 2nd period - Shot by John Klingberg.
3:13 of 2nd period - Shot Misses the Net.
3:15 of 2nd period - Shot by Jonathan Huberdeau.
3:15 of 2nd period - Shot Misses the Net.
3:17 of 2nd period - Shot by John Klingberg.
3:17 of 2nd period - Stopped by Tuukka Rask without a rebound.
3:18 of 2nd period - Anton Lander wins face-off versus Paul Stastny in Senators zone.
4:32 of 2nd period - Shot by Brayden Schenn.
4:32 of 2nd period - Stopped by Jonathan Quick without a rebound.
4:33 of 2nd period - Sidney Crosby wins face-off versus Derick Brassard in Stars zone.
4:44 of 2nd period - Shot by Mike Hoffman.
4:44 of 2nd period - Deflect By Mark Stone.
4:44 of 2nd period - Shot Misses the Net.
4:46 of 2nd period - Shot by Jason Garrison.
4:46 of 2nd period - Stopped by Jonathan Quick without a rebound.
4:47 of 2nd period - Markus Granlund wins face-off versus Sidney Crosby in Stars zone.
5:11 of 2nd period - Shot by Jussi Jokinen.
5:11 of 2nd period - Stopped by Jonathan Quick without a rebound.
5:12 of 2nd period - Derick Brassard wins face-off versus Paul Stastny in Stars zone.
6:11 of 2nd period - Sidney Crosby is hit by Mark Stone and loses puck.
6:43 of 2nd period - Shot by Tyler Seguin.
6:43 of 2nd period - Shot Blocked by John Klingberg.
6:45 of 2nd period - Shot by Tyler Seguin.
6:45 of 2nd period - Stopped by Jonathan Quick without a rebound.
6:46 of 2nd period - Devin Shore wins face-off versus Markus Granlund in Stars zone.
7:36 of 2nd period - John Mitchell is hit by Michael Stone and loses puck.
8:26 of 2nd period - Icing by Jason Garrison.
8:27 of 2nd period - Tyler Seguin wins face-off versus Sidney Crosby in Senators zone.
8:57 of 2nd period - Shot by Jakub Voracek.
8:57 of 2nd period - Shot Misses the Net.
9:23 of 2nd period - Victor Hedman is hit by Tyler Seguin.
9:24 of 2nd period - Icing by Victor Hedman.
9:25 of 2nd period - Paul Stastny wins face-off versus Derick Brassard in Stars zone.
9:39 of 2nd period - Paul Stastny is hit by Kevin Bieksa and loses puck.
9:52 of 2nd period - Shot by Mike Hoffman.
9:52 of 2nd period - Stopped by Jonathan Quick without a rebound.
9:53 of 2nd period - Markus Granlund wins face-off versus Devin Shore in Stars zone.
9:56 of 2nd period - Shot by Markus Granlund.
9:56 of 2nd period - Shot Blocked by Jason Demers.
9:58 of 2nd period - Shot by Robbie Russo.
9:58 of 2nd period - Stopped by Jonathan Quick without a rebound.
9:59 of 2nd period - Devin Shore wins face-off versus Markus Granlund in Stars zone.
10:08 of 2nd period - Shot by Devin Shore.
10:08 of 2nd period - Shot Misses the Net.
10:11 of 2nd period - Icing by Robbie Russo.
10:12 of 2nd period - Markus Granlund wins face-off versus Sidney Crosby in Senators zone.
10:12 of 2nd period - Markus Granlund is hit by Jakub Voracek.
10:47 of 2nd period - Minor Penalty to Zbynek Michalek for Charging.
10:47 of 2nd period - Minor Penalty to Sidney Crosby for Cross-checking.
10:48 of 2nd period - Paul Stastny wins face-off versus Brayden Schenn in Senators zone.
10:59 of 2nd period - Shot by Paul Stastny.
10:59 of 2nd period - Goal by Paul Stastny - Stars : 3 - Senators : 0.
11:00 of 2nd period - Tyler Seguin wins face-off versus Paul Stastny in neutral zone.
11:14 of 2nd period - Shot by Paul Stastny.
11:14 of 2nd period - Shot Misses the Net.
11:16 of 2nd period - Shot by Zdeno Chara.
11:16 of 2nd period - Stopped by Tuukka Rask without a rebound.
11:17 of 2nd period - Paul Stastny wins face-off versus Tyler Seguin in Senators zone.
11:38 of 2nd period - Shot by Paul Stastny.
11:38 of 2nd period - Deflect By Jakub Voracek.
11:38 of 2nd period - Stopped by Tuukka Rask without a rebound.
11:39 of 2nd period - Paul Stastny wins face-off versus Derick Brassard in Senators zone.
11:47 of 2nd period - Shot by Derick Brassard.
11:47 of 2nd period - Deflect By Mike Hoffman.
11:47 of 2nd period - Shot Misses the Net.
13:20 of 2nd period - Shot by Joel Vermin.
13:20 of 2nd period - Shot Misses the Net.
13:44 of 2nd period - Shot by Derick Brassard.
13:44 of 2nd period - Deflect By Mike Hoffman.
13:44 of 2nd period - Shot Misses the Net.
13:50 of 2nd period - Shot by Mark Stone.
13:50 of 2nd period - Stopped by Jonathan Quick without a rebound.
13:51 of 2nd period - Paul Stastny wins face-off versus Anton Lander in Stars zone.
14:04 of 2nd period - Shot by Tommy Wingels.
14:04 of 2nd period - Shot Hit the Post.
14:06 of 2nd period - Shot by Tommy Wingels.
14:06 of 2nd period - Stopped by Tuukka Rask with a rebound.
14:08 of 2nd period - Shot by Duncan Keith.
14:08 of 2nd period - Shot Misses the Net.
14:22 of 2nd period - Shot by Paul Byron.
14:22 of 2nd period - Deflect By Paul Stastny.
14:22 of 2nd period - Shot Blocked by Kevin Bieksa.
14:39 of 2nd period - Zdeno Chara beats up Kevin Bieksa.
14:39 of 2nd period - Penalty to Kevin Bieksa for Fighting.
14:39 of 2nd period - Penalty to Zdeno Chara for Fighting.
14:39 of 2nd period - Penalty to Zdeno Chara for instigated a fight.
14:39 of 2nd period - Zdeno Chara is ejected from game.
14:40 of 2nd period - Derick Brassard wins face-off versus Devin Shore in Senators zone.
15:09 of 2nd period - Shot by Bobby Ryan.
15:09 of 2nd period - Shot Misses the Net.
15:11 of 2nd period - Shot by Jason Garrison.
15:11 of 2nd period - Stopped by Jonathan Quick without a rebound.
15:12 of 2nd period - Tommy Wingels wins face-off versus Tyler Seguin in Stars zone.
15:18 of 2nd period - Icing by Brayden Schenn.
15:19 of 2nd period - Paul Stastny wins face-off versus Tyler Seguin in Senators zone.
15:24 of 2nd period - Shot by Paul Stastny.
15:24 of 2nd period - Shot Blocked by Michael Stone.
15:39 of 2nd period - Icing by Tyler Seguin.
15:40 of 2nd period - Brayden Schenn wins face-off versus Paul Stastny in Senators zone.
15:51 of 2nd period - Shot by Mark Stone.
15:51 of 2nd period - Shot Misses the Net.
16:10 of 2nd period - Off-side.
16:11 of 2nd period - Paul Stastny wins face-off versus Derick Brassard in neutral zone.
16:44 of 2nd period - Shot by Jussi Jokinen.
16:44 of 2nd period - Stopped by Jonathan Quick with a rebound.
17:06 of 2nd period - Shot by Jonathan Huberdeau.
17:06 of 2nd period - Shot Misses the Net.
17:08 of 2nd period - Shot by Jakub Voracek.
17:08 of 2nd period - Stopped by Tuukka Rask with a rebound.
17:46 of 2nd period - Devin Shore is hit by Robbie Russo and loses puck.
18:02 of 2nd period - Off-side.
18:03 of 2nd period - Paul Stastny wins face-off versus Derick Brassard in neutral zone.
18:06 of 2nd period - Zbynek Michalek is hit by Tommy Wingels and loses puck.
19:05 of 2nd period - Shot by Bobby Ryan.
19:05 of 2nd period - Stopped by Jonathan Quick with a rebound.
19:28 of 2nd period - Off-side.
19:29 of 2nd period - Devin Shore wins face-off versus Anton Lander in neutral zone.
19:56 of 2nd period - Shot by Devin Shore.
19:56 of 2nd period - Stopped by Tuukka Rask with a rebound.
19:58 of 2nd period - Shot by John Mitchell.
19:58 of 2nd period - Shot Blocked by Zbynek Michalek.
Goals for this period are 1 for Stars vs 0 for Senators.
Shots for this period are 8 for Stars vs 11 for Senators.

3rd period


0:01 of 3rd period - Sidney Crosby wins face-off versus Derick Brassard in neutral zone.
0:13 of 3rd period - Minor Penalty to Kevin Bieksa for Roughing.
0:14 of 3rd period - Paul Stastny wins face-off versus Markus Granlund in Senators zone.
0:23 of 3rd period - Shot by Paul Byron.
0:23 of 3rd period - Stopped by Tuukka Rask without a rebound.
0:24 of 3rd period - Markus Granlund wins face-off versus Sidney Crosby in Senators zone.
0:57 of 3rd period - Off-side.
0:58 of 3rd period - Paul Stastny wins face-off versus Markus Granlund in neutral zone.
1:29 of 3rd period - Paul Byron is hit by Rob OGara.
2:04 of 3rd period - Shot by Victor Hedman.
2:04 of 3rd period - Stopped by Tuukka Rask without a rebound.
2:05 of 3rd period - Sidney Crosby wins face-off versus Markus Granlund in Senators zone.
2:20 of 3rd period - Shot by Derick Brassard.
2:20 of 3rd period - Stopped by Jonathan Quick with a rebound.
3:14 of 3rd period - Shot by Nikita Nesterov.
3:14 of 3rd period - Shot Blocked by Michael Stone.
3:53 of 3rd period - Icing by Brayden Schenn.
3:54 of 3rd period - Paul Stastny wins face-off versus Tyler Seguin in Senators zone.
3:59 of 3rd period - Shot by Paul Byron.
3:59 of 3rd period - Shot Misses the Net.
4:07 of 3rd period - Shot by Paul Byron.
4:07 of 3rd period - Shot Misses the Net.
4:09 of 3rd period - Shot by Paul Stastny.
4:09 of 3rd period - Shot Blocked by Michael Stone.
4:21 of 3rd period - Jason Garrison is hit by Tommy Wingels and loses puck.
4:48 of 3rd period - Bobby Ryan is hit by Sidney Crosby and loses puck.
5:29 of 3rd period - Shot by Mike Hoffman.
5:29 of 3rd period - Shot Misses the Net.
5:57 of 3rd period - Icing by Nikita Nesterov.
5:58 of 3rd period - Devin Shore wins face-off versus Markus Granlund in Stars zone.
6:02 of 3rd period - Off-side.
6:03 of 3rd period - Paul Stastny wins face-off versus Markus Granlund in neutral zone.
6:16 of 3rd period - Icing by Duncan Keith.
6:17 of 3rd period - Paul Stastny wins face-off versus Anton Lander in Stars zone.
6:36 of 3rd period - Shot by Tommy Wingels.
6:36 of 3rd period - Stopped by Tuukka Rask without a rebound.
6:37 of 3rd period - Sidney Crosby wins face-off versus Derick Brassard in Senators zone.
6:59 of 3rd period - Shot by Jakub Voracek.
6:59 of 3rd period - Stopped by Tuukka Rask with a rebound.
7:27 of 3rd period - Shot by Paul Byron.
7:27 of 3rd period - Stopped by Tuukka Rask with a rebound.
8:17 of 3rd period - Shot by Drew Miller.
8:17 of 3rd period - Stopped by Jonathan Quick without a rebound.
8:18 of 3rd period - Anton Lander wins face-off versus Devin Shore in Stars zone.
8:40 of 3rd period - Shot by Devin Setoguchi.
8:40 of 3rd period - Shot Misses the Net.
9:09 of 3rd period - Shot by Tyler Seguin.
9:09 of 3rd period - Stopped by Jonathan Quick without a rebound.
9:10 of 3rd period - Markus Granlund wins face-off versus Sidney Crosby in Stars zone.
9:16 of 3rd period - Icing by Sidney Crosby.
9:17 of 3rd period - Sidney Crosby wins face-off versus Markus Granlund in Stars zone.
10:13 of 3rd period - Paul Stastny is hit by Kevin Bieksa and loses puck.
11:24 of 3rd period - Shot by Brayden Schenn.
11:24 of 3rd period - Goal by Brayden Schenn - Stars : 3 - Senators : 1.
11:25 of 3rd period - Jonathan Huberdeau wins face-off versus Anton Lander in neutral zone.
12:25 of 3rd period - Shot by Jason Demers.
12:25 of 3rd period - Shot Misses the Net.
12:27 of 3rd period - Shot by Tyler Gaudet.
12:27 of 3rd period - Shot Misses the Net.
12:29 of 3rd period - Shot by John Mitchell.
12:29 of 3rd period - Shot Misses the Net.
13:17 of 3rd period - Shot by Mike Hoffman.
13:17 of 3rd period - Stopped by Jonathan Quick without a rebound.
13:18 of 3rd period - Tyler Seguin wins face-off versus Jakub Voracek in Stars zone.
13:21 of 3rd period - Shot by Tyler Seguin.
13:21 of 3rd period - Stopped by Jonathan Quick without a rebound.
13:22 of 3rd period - Tyler Seguin wins face-off versus Sidney Crosby in Stars zone.
13:40 of 3rd period - Shot by Tyler Seguin.
13:40 of 3rd period - Stopped by Jonathan Quick without a rebound.
13:41 of 3rd period - Paul Stastny wins face-off versus Derick Brassard in Stars zone.
13:41 of 3rd period - Paul Stastny is hit by Mike Hoffman.
13:52 of 3rd period - Icing by Mark Stone.
13:53 of 3rd period - Devin Shore wins face-off versus Derick Brassard in Senators zone.
14:12 of 3rd period - Shot by Mike Hoffman.
14:12 of 3rd period - Shot Blocked by Duncan Keith.
14:14 of 3rd period - Shot by Zbynek Michalek.
14:14 of 3rd period - Stopped by Jonathan Quick with a rebound.
14:31 of 3rd period - Off-side.
14:32 of 3rd period - Sidney Crosby wins face-off versus Tyler Seguin in neutral zone.
15:07 of 3rd period - Shot by Tyler Seguin.
15:07 of 3rd period - Shot Misses the Net.
15:11 of 3rd period - Shot by Tyler Seguin.
15:11 of 3rd period - Stopped by Jonathan Quick with a rebound.
15:34 of 3rd period - Markus Granlund is hit by Jason Demers and loses puck.
15:50 of 3rd period - Minor Penalty to Paul Stastny for Cross-checking.
15:51 of 3rd period - Devin Shore wins face-off versus Derick Brassard in Stars zone.
16:48 of 3rd period - Shot by Mark Stone.
16:48 of 3rd period - Goal by Mark Stone - Stars : 3 - Senators : 2.
16:49 of 3rd period - Anton Lander wins face-off versus Paul Byron in neutral zone.
17:16 of 3rd period - Shot by Paul Stastny.
17:16 of 3rd period - Stopped by Tuukka Rask without a rebound.
17:17 of 3rd period - Sidney Crosby wins face-off versus Derick Brassard in Senators zone.
17:17 of 3rd period - Minor Penalty to Michael Stone for Hooking.
17:18 of 3rd period - Markus Granlund wins face-off versus Sidney Crosby in Senators zone.
17:40 of 3rd period - Jason Garrison is hit by Jonathan Huberdeau and loses puck.
17:45 of 3rd period - Shot by Jonathan Huberdeau.
17:45 of 3rd period - Stopped by Tuukka Rask without a rebound.
17:46 of 3rd period - Paul Stastny wins face-off versus Markus Granlund in Senators zone.
17:55 of 3rd period - Shot by Duncan Keith.
17:55 of 3rd period - Stopped by Tuukka Rask without a rebound.
17:56 of 3rd period - Sidney Crosby wins face-off versus Markus Granlund in Senators zone.
19:34 of 3rd period - Shot by Duncan Keith.
19:34 of 3rd period - Stopped by Tuukka Rask without a rebound.
19:35 of 3rd period - Paul Byron wins face-off versus Tyler Seguin in Senators zone.
Goals for this period are 0 for Stars vs 2 for Senators.
Shots for this period are 9 for Stars vs 10 for Senators.